 Dungeon Crawl Stone Soup version 0.31.0-9-g3a7656b989 (webtiles) character file.

Game seed: 2107125512593302679

660 qw the Shooter (level 7, -2/35 HPs)
             Began as a Spriggan Hunter on Feb 3, 2024.
             Slain by a gnoll
             ... wielding a +0 spear
              (5 damage)
             ... on level 5 of the Dungeon.
             The game lasted 00:01:06 (3300 turns).

qw the Shooter (Spriggan Hunter)                    Turns: 3300, Time: 00:01:07

Health: -2/35      AC:  2    Str:  7    XL:     7   Next: 30%
Magic:  8/8        EV: 22    Int: 10    God:
Gold:   181        SH:  0    Dex: 21    Spells: 6/6 levels left

rFire   . . .        a - +1 shortbow
rCold   . . .        (shield currently unavailable)
rNeg    . . .        c - +0 robe
rPois   .            (helmet restricted)
rElec   .            (no cloak)
rCorr   .            (gloves unavailable)
SInv    +            (boots unavailable)
Will    +....        (no amulet)
Stlth   ++           j - +4 ring of slaying {mikee}
HPRegen 0.25/turn    (no ring)
MPRegen 0.11/turn

%: no passive effects
@: very quick
A: very small, no large weapons, unfitting armour, see invisible, speed 3
a: no special abilities


You were on level 5 of the Dungeon.
You visited 1 branch of the dungeon, and saw 5 of its levels.
You also visited: Sewer.

You collected 181 gold pieces.


Innate Abilities, Weirdness & Mutations

You are very small and have problems with some larger weapons.
You are too small for most types of armour.
You have supernaturally acute eyesight. (SInv)
You cover ground extremely quickly. (Speed+++)


   Skills:
 - Level 2.5 Fighting
 + Level 7.0 Ranged Weapons
 - Level 7.0 Dodging
 - Level 1.5 Stealth


You had 6 spell levels left.
You didn't know any spells.
Your spell library was empty.

Inventory:

Hand Weapons
 a - a +1 shortbow (weapon)
Armour
 c - a +0 robe (worn)
Jewellery
 j - a +4 ring of slaying (left hand) {mikee}
Wands
 d - a wand of flame (19)
 i - a wand of light (4)
Scrolls
 b - 2 scrolls of identify
Potions
 e - a potion of curing
 h - a potion of haste

Dungeon Overview and Level Annotations

Branches:
Dungeon (5/15)              Sewer (visited)
 Temple: D:4-7

Altars:
Wu Jian

Shops:
D:1 (

Annotations:
D:4 3 runed translucent doors, qw's ghost, amateur SpHu


Message History

You kill the hound!
You shoot an arrow. The arrow hits the gnoll.
The gnoll is lightly wounded.
The gnoll misses you.
You shoot an arrow. The arrow hits the gnoll!
The gnoll is almost dead.
The gnoll hits you from afar with a +0 spear!
You shoot an arrow. The arrow hits the gnoll!
The gnoll is almost dead.
The gnoll hits you from afar with a +0 spear!
The gnoll closely misses you.
You shoot an arrow. The arrow hits the gnoll.
You kill the gnoll!
The gnoll closely misses you.
A sleepcap comes into view.
You shoot an arrow. The arrow hits the gnoll.
You kill the gnoll!
The gnoll misses you.
Your Dodging skill increases to level 7!
You shoot an arrow. The adder hisses angrily.
The arrow hits the gnoll.
The gnoll is moderately wounded.
The gnoll closely misses you.
You shoot an arrow. The arrow barely misses the gnoll.
The gnoll completely misses you.
You shoot an arrow. The arrow hits the sleepcap!
The sleepcap is heavily damaged.
The gnoll completely misses you. The sleepcap releases spores at you.
You are engulfed in a cloud of soporific spores!
You fall asleep.
The gnoll hits you from afar with a +0 spear!
You wake up.
The sleepcap releases spores at you.
You are engulfed in a cloud of soporific spores!
You are unaffected.
The adder misses you.
You shoot an arrow. The arrow hits the sleepcap.
The sleepcap is severely damaged.
The adder barely misses you.
The gnoll hits you from afar with a +0 spear.
You die...

##......#
##..%..#
###.### #.# #.#
#.# #.####
#....# ##@####
##.fS## #...)g#
#>....#
##.#.#.'..c.#
###....####g.#+
#......##.####
#.#..)###...#
#.##.## #...#


You could see a sleepcap, a gnoll and an adder.

Vanquished Creatures
  Pargi (Sewer)
  An ogre (D:4)
  A brain worm (Sewer)
  2 scorpions (D:4)
  2 hounds (D:5)
  Ijyb (D:5)
  An iguana (D:4)
  4 adders
  5 gnolls
  A dart slug (D:1)
  4 orcs
  9 ball pythons
  10 bats
  8 endoplasms
  11 giant cockroaches
  5 goblins
  4 hobgoblins
  7 jackals
  7 kobolds
  9 frilled lizards
  3 rats
96 creatures vanquished.

Notes
Turn   | Place    | Note
-------+----------+-------------------------------------------
     0 | D:1      | qw the Spriggan Hunter began the quest for the Orb.
     0 | D:1      | Reached XP level 1. HP: 10/10 MP: 2/2
     0 | D:1      | 0 ||| qw: Version: 0.3-a-155-g5e7d8dd
     0 | D:1      | 0 ||| qw: Game counter: 3010
     0 | D:1      | 0 ||| qw: Melee chars always use a shield: true
     0 | D:1      | 0 ||| qw: God list: Okawaru
     0 | D:1      | 0 ||| qw: Allow faded altars: false
     0 | D:1      | 0 ||| qw: Do Orc after clearing Dungeon:15 true
     0 | D:1      | 0 ||| qw: Do second Lair branch before Depths: true
     0 | D:1      | 0 ||| qw: Lair rune preference: random
     0 | D:1      | 0 ||| qw: Goals: Normal
     0 | D:1      | 0 ||| PLANNING D:1-11
    44 | D:1      | Reached skill level 3 in Dodging
   235 | D:1      | Reached XP level 2. HP: 14/14 MP: 3/3
   368 | D:1      | Found Meomaip's Antique Weapon Shoppe.
   821 | D:1      | 821 ||| READING scroll labelled MIEKHL MOSTUF.
   822 | D:1      | 822 ||| DROPPING scroll of butterflies.
   850 | D:2      | Reached XP level 3. HP: 18/18 MP: 4/4
  1610 | D:3      | 1610 ||| PLANNING SEWER
  1630 | D:3      | Reached XP level 4. HP: 22/22 MP: 5/5
  1803 | D:3      | Found a glowing drain.
  1804 | D:3      | 1804 ||| UPGRADING to +4 ring of slaying {mikee}.
  1805 | D:3      | 1805 ||| READING 2 scrolls labelled ZEICEPR KUSE.
  1805 | D:3      | 1805 ||| IDENTIFYING pink potion
  1806 | D:3      | 1806 ||| READING scroll of identify.
  1806 | D:3      | 1806 ||| IDENTIFYING black potion
  1807 | D:3      | 1807 ||| DROPPING potion of ambrosia.
  1808 | D:3      | 1808 ||| DROPPING potion of berserk rage.
  1814 | Sewer    | Entered a sewer
  1850 | Sewer    | Noticed Pargi
  1851 | Sewer    | 1851 ||| ZAPPING wand of light (7) at -4,-1 (Pargi; floor).
  1852 | Sewer    | 1852 ||| ZAPPING wand of light (6) at -3,-1 (Pargi;
                  | shallow_water).
  1853 | Sewer    | 1853 ||| ZAPPING wand of light (5) at -2,-1 (Pargi; floor).
  1853 | Sewer    | Killed Pargi
  1854 | Sewer    | Reached skill level 6 in Dodging
  1854 | Sewer    | Reached XP level 5. HP: 25/25 MP: 6/6
  1953 | Sewer    | 1953 ||| READING scroll labelled DYCWOKKEITZ.
  1954 | Sewer    | 1954 ||| READING scroll labelled NUSTRI FUENWIDE.
  1954 | Sewer    | 1954 ||| ENCHANTING +0 shortbow.
  1955 | Sewer    | 1955 ||| DRINKING 3 bubbling clear potions.
  1956 | Sewer    | 1956 ||| DRINKING 2 emerald potions.
  1957 | Sewer    | 1957 ||| DROPPING 2 potions of invisibility.
  1971 | D:3      | 1971 ||| PLANNING D:1-11
  2113 | D:3      | Found a faded altar of an unknown god.
  2174 | D:3      | Reached XP level 6. HP: 32/32 MP: 7/7
  2401 | D:3      | 2401 ||| READING scroll of identify.
  2401 | D:3      | 2401 ||| IDENTIFYING smoky cyan potion
  2402 | D:3      | 2402 ||| READING scroll labelled KOACOS WERO.
  2576 | D:4      | 2576 ||| RETREEEEATING.
  2588 | D:4      | Reached skill level 6 in Ranged Weapons
  2605 | D:4      | 2605 ||| FLEEEEING.
  2606 | D:4      | 2606 ||| FLEEEEING.
  2612 | D:4      | 2612 ||| FLEEEEING.
  2613 | D:4      | 2613 ||| FLEEEEING.
  2614 | D:4      | 2614 ||| FLEEEEING.
  2615 | D:4      | 2615 ||| FLEEEEING.
  2616 | D:4      | 2616 ||| FLEEEEING.
  2617 | D:4      | 2617 ||| FLEEEEING.
  2618 | D:4      | 2618 ||| FLEEEEING.
  2619 | D:4      | 2619 ||| FLEEEEING.
  2620 | D:4      | 2620 ||| FLEEEEING.
  2621 | D:4      | 2621 ||| FLEEEEING.
  2622 | D:4      | 2622 ||| FLEEEEING.
  2623 | D:4      | 2623 ||| FLEEEEING.
  2625 | D:4      | 2625 ||| FLEEEEING.
  2626 | D:4      | 2626 ||| FLEEEEING.
  2627 | D:4      | 2627 ||| STAIRDANCE
  2750 | D:4      | Found an ornate altar of the Wu Jian Council.
  2823 | D:4      | Found a runed translucent gate.
  2823 | D:4      | Found a runed translucent gate.
  2823 | D:4      | Found a runed translucent gate.
  2824 | D:4      | Noticed a water moccasin
  2826 | D:4      | Noticed qw's ghost (amateur SpHu)
  2953 | D:4      | Reached XP level 7. HP: 35/35 MP: 8/8
  2996 | D:4      | 2996 ||| READING 2 scrolls of identify.
  2996 | D:4      | 2996 ||| IDENTIFYING grey potion
  2997 | D:4      | 2997 ||| DROPPING potion of lignification.
  3019 | D:5      | Entered Level 5 of the Dungeon
  3020 | D:5      | 3020 ||| PLANNING OSSUARY
  3022 | D:5      | Noticed Ijyb
  3024 | D:5      | 3024 ||| FLEEEEING.
  3025 | D:5      | 3025 ||| FLEEEEING.
  3026 | D:5      | 3026 ||| FLEEEEING.
  3028 | D:5      | 3028 ||| STAIRDANCE
  3048 | D:5      | 3048 ||| STAIRDANCE
  3093 | D:5      | HP: 7/35 [Ijyb/+1 vampiric dagger (7)]
  3096 | D:5      | HP: 3/35 [Ijyb/+1 vampiric dagger (4)]
  3098 | D:5      | Killed Ijyb
  3286 | D:5      | 3286 ||| RETREEEEATING.
  3288 | D:5      | 3288 ||| RETREEEEATING.
  3289 | D:5      | 3289 ||| RETREEEEATING.
  3299 | D:5      | HP: 4/35 [gnoll/+0 spear (13)]
  3300 | D:5      | Slain by a gnoll

Levels and vault maps discovered:
D:1:      minmay_arrival_solitary_statue, layout_basic, serial_shops, shop,
          minmay_liquid_box
D:2:      minmay_alternating_diamond, layout_basic
D:3:      layout_basic, hellmonk_ecumenical_altar_arch_garden,
          mainiacjoe_sewer_entry_somewhere_in_here_2, minmay_misc_feat_pillars
D:4:      layout_rooms, nicolae_wu_jian_wuxing_cycle, gammafunk_ghost_split
D:5:      minmay_bubble_buster, layout_loops_ring,
          minmay_temple_entry_enclosed_plants, chequers_ossuary_entry_cave,
          minmay_misc_feat_cross, uniq_pikel, uniq_ijyb

Skill      XL: |  1  2  3  4  5  6  7 |
---------------+----------------------+-----
Dodging        | 3 4 6 7 |  7.0
Ranged Weapons | 5 6 7 |  7.0
Fighting       | 2 |  2.5
Stealth        | |  1.5

Action                     |  1- 3 |  4- 6 |  7- 9 || total
---------------------------+-------+-------+-------++-------
   Fire: Shortbow          |   103 |   109 |    28 ||   240
  Evoke: Wand              |       |     3 |       ||     3
    Use: Scroll            |     1 |     6 |     1 ||     8
         Potion            |       |     2 |       ||     2
 Armour: Robe              |    15 |     4 |    16 ||    35
  Dodge: Dodged            |    41 |    26 |    14 ||    81

Table legend:
 A = Non-vault XP
 B = Vault XP
 C = Vault XP percentage of total XP
 D = Non-vault monster count
 E = Vault monster count
 F = Vault count percentage of total count
                 A         B        C        D         E       F
            +---------+---------+-------+---------+---------+-------
      Total |     635 |     308 |  32.7 |      75 |      21 |  21.9
            +---------+---------+-------+---------+---------+-------
        D:1 |      40 |       0 |   0.0 |      20 |       0 |   0.0
        D:2 |      30 |      19 |  38.8 |      17 |       5 |  22.7
        D:3 |      38 |      10 |  20.8 |      14 |       6 |  30.0
        D:4 |     407 |       0 |   0.0 |      19 |       0 |   0.0
        D:5 |     120 |      36 |  23.1 |       5 |       1 |  16.7
      Sewer |       0 |     243 | 100.0 |       0 |       9 | 100.0
            +---------+---------+-------+---------+---------+-------
